AoeStats
← Yahel

Nomad

510433857Analyzed
3v3 RM · 2d ago on Oct 1, 2026· 57m 4s· 6 players
Game mode
Random Map
Map size
210×210
Population
200
Speed
Normal
Resources
Standard
Victory
Conquest
Starting age
Dark Age
Ending age
Imperial Age
RankedLock teamsTeams togetherTeam positionsShared explorationLock speedFull tech treeHidden civsTurbo modeCheats
Victory
Defeat
🇺🇸 Malians · United States
1178
+17
🇺🇸 Danes · United States
1158
+18
🇺🇸 Vietnamese · United States
1095
+21
🇺🇸 Spanish · United States
1271
-21
🇧🇷 Varangians · Brazil
1180
-18
🇧🇬 Byzantines · Bulgaria
1162
-17
Returned_Legend
4:20 Loom
14:02 Feudal Age
18:38 Castle Age
16:41 Double-Bit Axe
17:08 Horse Collar
18:26 Wheelbarrow
19:43 Bow Saw
19:35 Heavy Plow
19:27 Gold Mining
19:30 Stone Mining
19:27 Town Watch
21:35 Hand Cart
25:10 Fletching
28:33 Husbandry
28:55 Bodkin Arrow
33:11 Bloodlines
34:16 Padded Archer Armor
39:00 Imperial Age
39:11 Scale Barding Armor
39:18 Forging
39:41 Ballistics
39:17 Murder Holes
39:33 Masonry
40:25 Conscription
40:54 Chain Barding Armor
40:50 Cavalier
42:07 Iron Casting
47:05 Blast Furnace
46:41 Plate Barding Armor
47:20 Chemistry
49:42 Bombard Tower
50:15 Leather Archer Armor
51:38 Hoardings
54:00 Sappers
Stock_br
3:51 Loom
13:46 Feudal Age
14:35 Double-Bit Axe
23:17 Castle Age
Yahel
3:33 Loom
13:40 Feudal Age
14:37 Double-Bit Axe
21:05 Castle Age
19:00 Fishing Lines
19:30 Horse Collar
19:53 Fletching
Disvara
5:03 Loom
13:22 Feudal Age
19:01 Castle Age
18:17 Padded Archer Armor
18:36 Double-Bit Axe
29:44 Leather Archer Armor
29:41 Forging
32:09 Wheelbarrow
41:17 Imperial Age
39:56 Bow Saw
39:30 Horse Collar
40:25 Fletching
41:10 Hand Cart
41:26 Scale Barding Armor
41:18 Bodkin Arrow
42:31 Iron Casting
42:26 Conscription
42:33 Bloodlines
43:40 Husbandry
43:02 Heavy Camel Rider
44:05 Chain Barding Armor
48:15 Plate Barding Armor
51:03 Light Cavalry
TomBombadil
8:26 Loom
14:41 Feudal Age
16:07 Double-Bit Axe
19:26 Wheelbarrow
21:56 Castle Age
20:56 Fletching
21:07 Padded Archer Armor
23:38 Bodkin Arrow
23:43 Elite Skirmisher
26:15 Thumb Ring
33:20 Hand Cart
47:42 Pikeman
48:30 Squires
48:43 Forging
48:35 Scale Mail Armor
47:59 Crossbowman
56:35 Imperial Age
DrTyrant
4:52 Loom
16:06 Feudal Age
20:35 Castle Age
18:36 Stone Mining
21:16 Fletching
22:40 Bodkin Arrow
25:01 Double-Bit Axe
26:45 Padded Archer Armor
26:48 Scale Mail Armor
26:38 Gambesons
26:57 Squires
27:35 Forging
29:11 Gambesons
31:01 Padded Archer Armor
31:18 Chain Mail Armor
31:05 Horse Collar
34:16 Wheelbarrow
33:42 Heavy Plow
33:54 Bow Saw
34:57 Iron Casting
35:29 Gold Mining
35:57 Hand Cart
37:20 Arson
39:43 Gold Shaft Mining
46:01 Imperial Age
46:05 Capped Ram
47:37 Conscription
46:38 Elite Jomsviking
47:59 Plate Mail Armor
48:30 Blast Furnace
Connection lost

Rejoining the realm…

Still unreachable

The connection could not be restored.

Session expired

The server has moved on; the page needs a fresh start.